 Dungeon Crawl Stone Soup version 0.26-a0-849-gf1512cd430 (webtiles) character file.

Game seed: 7837532329484009833

3138 Conn the Magician (level 9, -7/53 HPs)
             Began as an Octopode Fire Elementalist on Nov 20, 2020.
             Was a Follower of Vehumet.
             Killed by the air
             ... invoked by Gastronok
              (22 damage)
             ... on level 8 of the Dungeon on Nov 21, 2020.
             The game lasted 00:31:08 (8804 turns).

Conn the Magician (Octopode Fire Elementalist)      Turns: 8804, Time: 00:31:09

Health: -7/53      AC:  1    Str:  7    XL:     9   Next: 92%
Magic:  17/20      EV: 15    Int: 21    God:    Vehumet [*.....]
Gold:   504        SH:  0    Dex: 12    Spells: 2/23 levels left

rFire    . . .     SeeInvis +   a - +2 dagger (protect)
rCold    + . .     Faith    .   (no shield)
rNeg     . . .     Spirit   .   (helmet restricted)
rPois    .         Reflect  .   c - amulet of magic regeneration
rElec    .         Harm     .   q - ring of protection from cold
rCorr    .         Rampage  .   A - ring of see invisible
MR       .....                  (no ring)
Stlth    ++++......             (no ring)
HPRegen  0.17/turn              (no ring)
MPRegen  0.42/turn              (no ring)
                                (no ring)
                                (no ring)

@: no status effects
A: almost no armour, stealthy swim, amphibious, 8 rings, constrict 8, camouflage
1, gelatinous body 1
a: Renounce Religion


You were on level 8 of the Dungeon.
You worshipped Vehumet.
Vehumet was aware of your devotion.
You visited 2 branches of the dungeon, and saw 9 of its levels.

You collected 504 gold pieces.

Inventory:

Hand Weapons
 a - a +2 dagger of protection (weapon)
 v - a +4 dagger of speed
Missiles
 y - 17 poisoned darts (quivered)
Jewellery
 c - an amulet of magic regeneration (around mantle)
 q - a ring of protection from cold (left tentacle)
 u - an uncursed amulet of faith
 A - a ring of see invisible (right tentacle)
 C - an uncursed amulet of reflection {unknown}
Wands
 w - a wand of iceblast (11)
 x - a wand of digging (6)
 B - a wand of acid (7)
Scrolls
 d - a scroll of enchant armour
 e - 4 scrolls of remove curse
 g - a scroll of enchant weapon {unknown}
 h - a scroll of magic mapping
 k - a scroll of blinking {unknown}
 l - 3 scrolls of identify
 m - a scroll of immolation
 o - a scroll of fog {unknown}
 s - a scroll of amnesia {unknown}
 t - 3 scrolls of teleportation
Potions
 b - a potion of haste
 f - 2 potions of flight {unknown}
 i - 2 potions of degeneration {unknown}
 j - a potion of berserk rage
 n - a potion of mutation {unknown}
 p - a potion of magic
 r - a potion of cancellation {unknown}
 z - a potion of brilliance {unknown}
 D - a potion of might {unknown}


   Skills:
 + Level 1.4 Fighting
 + Level 2.2 Short Blades
 + Level 4.1 Dodging
 + Level 5.1 Stealth
 * Level 7.6 Spellcasting
 + Level 5.0 Conjurations
 + Level 4.6 Translocations
 + Level 6.6 Fire Magic
 * Level 0.7 Air Magic
 * Level 1.1 Poison Magic


You had 2 spell levels left.
You knew the following spells:

 Your Spells              Type           Power        Failure   Level
a - Foxfire               Conj/Fire      ####         1%          1
b - Conjure Flame         Conj/Fire      ####....     2%          3
c - Inner Flame           Hex/Fire       ###.....     6%          3
d - Blink                 Tloc           N/A          1%          2
e - Sticky Flame          Conj/Fire      ####....     8%          4
f - Mephitic Cloud        Conj/Pois/Air  ###.....     10%         3
g - Fireball              Conj/Fire      ####......   22%         5

Your spell library contained the following spells:

 Spells                   Type           Power        Failure   Level
 Shock                    Conj/Air       ###.         2%          1
 Apportation              Tloc           ####..       1%          1
 Magic Dart               Conj           ####         1%          1
 Animate Skeleton         Necr           #.....       9%          1
 Beastly Appendage        Tmut           #.....       9%          1
 Corona                   Hex            #......      9%          1
 Summon Small Mammal      Summ           #...         9%          1
 Call Imp                 Summ           #.......     13%         2
 Slow                     Hex            #.......     13%         2
 Wereblood                Tmut           #.......     13%         2
 Spider Form              Tmut/Pois      ##........   21%         3
 Ice Form                 Ice/Tmut       #.......     63%         4
 Blade Hands              Tmut           #.........   93%         5


Dungeon Overview and Level Annotations

Branches:
Dungeon (8/15)             Temple (1/1) D:5
   Lair: D:8-11

Altars:
Ashenzari
Cheibriados
Dithmenos
Elyvilon
Fedhas
Gozag
Hepliaklqana
Kikubaaqudgha
Makhleb
Nemelex Xobeh
Okawaru
Qazlal
Ru
Trog
Uskayaw
Vehumet
Wu Jian
Xom
Yredelemnul
Zin
The Shining One

Annotations:
D:8 Gastronok


Innate Abilities, Weirdness & Mutations

You cannot wear most types of armour.
You are very stealthy in the water. (Stealth+)
You are amphibious.
You can wear up to eight rings at the same time.
You can use your tentacles to constrict eight enemies at once.
Your skin changes colour to match your surroundings (Stealth+).
Your rubbery body absorbs attacks. (AC +1, EV +1)


Message History

The centaur skeleton hits you!
* * * LOW HITPOINT WARNING * * *
The orc hits the centaur skeleton.
The orc warrior seems less confused.
The centaur skeleton closely misses you.
Casting: Mephitic Cloud (dangerous; 10% risk of failure)
Confirm with . or Enter, or press ? or * to list all spells.
Aiming: Sticky Flame (dangerous; 8% risk of failure)
Press: ? - help, Shift-Dir - straight line, f - centaur skeleton
Aim: a centaur skeleton (heavily damaged)
The sticky flame hits the centaur skeleton.
The centaur skeleton is heavily damaged.
The centaur skeleton is covered in liquid flames!
The centaur skeleton burns!
The centaur skeleton completely misses you.
The orc barely misses the orc.
The centaur skeleton burns!
Gastronok waves his eye-stalks in wide circles.
The air twists around and strikes you!!
You die...

##* **###.#* # **,,....#*
# **,***#...#### ## *,**
#......### * .## **,*
#.....o..## *** ..##
*,,*####.....#Zoo## *,,
...##*,,,.......@####.o##
*,, #...#***,........##
##..## **, #...#
**#........# ##..## **
##..# ##.......## ##..##
* #..# ##.......###
##..## #.## #..####...##
#...# #.#
#..###.....####..## #.##
#..##....w..#*#...## #..#
##..#.........##....##


You could see Gastronok (swift) and an orc.

Vanquished Creatures
  5 yaks
  A sky beast (D:5)
  6 ogres
  4 necrophages (D:6)
  A centaur (D:7)
  2 bullfrogs (D:7)
  A gnoll sergeant (D:8)
  3 scorpions
  A centaur zombie (D:5)
  A quasit (D:5)
  2 hounds
  8 orc wizards
  Crazy Yiuf (D:2)
  2 orc priests
  A bullfrog skeleton (D:7)
  A centaur skeleton (D:4)
  6 worker ants
  Natasha (thrice) (D:2)
  2 iguanas
  A hound skeleton (D:4)
  A worker ant zombie (D:7)
  7 adders
  10 gnolls
  A white imp (D:6)
  2 ufetubi (D:7)
  An ooze (D:6)
  3 adder zombies
  2 dart slugs
  6 leopard geckos
  32 orcs
  3 giant cockroaches
  5 goblins
  A hobgoblin (D:2)
  10 jackals
  4 kobolds
  4 quokkas
  8 bats
  6 frilled lizards
  A quokka zombie (D:6)
  7 rats
166 creatures vanquished.

Vanquished Creatures (collateral kills)
  6 foxfires (D:6)
6 creatures vanquished.

Vanquished Creatures (others)
  A gnoll (D:8)
  An orc (D:5)
  2 bushes (D:6)
  497 foxfires
  12 plants (D:6)
513 creatures vanquished.

Grand Total: 685 creatures vanquished

Notes
Turn   | Place    | Note
-------+----------+-------------------------------------------
     0 | D:1      | Conn the Octopode Fire Elementalist began the quest for the
                  | Orb.
     0 | D:1      | Reached XP level 1. HP: 11/11 MP: 3/3
   389 | D:1      | Reached XP level 2. HP: 17/17 MP: 1/5
   778 | D:1      | Reached XP level 3. HP: 20/21 MP: 4/6
   972 | D:1      | Learned a level 3 spell: Conjure Flame
   973 | D:2      | Noticed Natasha
   979 | D:2      | Killed Natasha
   984 | D:2      | Reached XP level 4. HP: 27/27 MP: 5/7
  1037 | D:2      | Found a runed translucent door.
  1042 | D:2      | Learned a level 3 spell: Inner Flame
  1042 | D:2      | Noticed Crazy Yiuf
  1080 | D:2      | Killed Crazy Yiuf
  1168 | D:2      | Noticed Natasha
  1172 | D:2      | Killed Natasha
  1173 | D:2      | Reached XP level 5. HP: 31/31 MP: 6/8
  1238 | D:2      | Noticed Natasha
  1245 | D:2      | Killed Natasha
  1336 | D:2      | Found a white marble altar of Elyvilon.
  1579 | D:3      | Learned a level 2 spell: Blink
  1910 | D:3      | Reached skill level 3 in Spellcasting
  1910 | D:3      | Reached XP level 6. HP: 32/36 MP: 10/10
  2478 | D:3      | Found a shimmering altar of Xom.
  3712 | D:4      | Reached skill level 1 in Translocations
  3734 | D:4      | Reached XP level 7. HP: 38/41 MP: 9/12
  3774 | D:4      | Reached skill level 5 in Fire Magic
  3826 | D:4      | Reached skill level 4 in Spellcasting
  4095 | D:5      | Entered Level 5 of the Dungeon
  4119 | D:5      | Found a staircase to the Ecumenical Temple.
  4250 | D:5      | Learned a level 4 spell: Sticky Flame
  4325 | D:5      | Reached XP level 8. HP: 43/46 MP: 15/15
  4420 | D:5      | Reached skill level 5 in Spellcasting
  5304 | D:5      | Reached skill level 1 in Short Blades
  5972 | D:6      | Found a blossoming altar of Fedhas.
  6051 | Temple   | Entered the Ecumenical Temple
  6071 | Temple   | Became a worshipper of Vehumet
  6592 | D:6      | Reached skill level 1 in Fighting
  6624 | D:6      | Reached skill level 6 in Spellcasting
  6651 | D:6      | Reached XP level 9. HP: 52/53 MP: 15/18
  7254 | D:7      | Reached skill level 7 in Spellcasting
  7442 | D:7      | Reached * piety under Vehumet
  7442 | D:7      | Offered knowledge of Shock by Vehumet.
  7447 | D:7      | Learned a level 3 spell: Mephitic Cloud
  7453 | D:7      | Learned a level 5 spell: Fireball
  8011 | D:7      | Reached skill level 5 in Stealth
  8011 | D:7      | Reached skill level 5 in Conjurations
  8034 | D:7      | Found a hide-covered altar of Uskayaw.
  8034 | D:7      | Found a shadowy altar of Dithmenos.
  8238 | D:7      | Found an iron altar of Okawaru.
  8239 | D:7      | Found a blossoming altar of Fedhas.
  8318 | D:8      | Reached skill level 1 in Poison Magic
  8772 | D:8      | Noticed Gastronok
  8804 | D:8      | Killed from afar by Gastronok

Illustrated notes

Levels and vault maps discovered:
D:1:      scummos_arrival_gate, layout_rooms, hangedman_decor_opposing
D:2:      cheibrodos_helix_gallery, layout_rooms, lemuel_round_altar,
          uniq_crazy_yiuf_cottage, uniq_natasha
D:3:      layout_basic, xom_teletrap_fun
D:4:      layout_cave_pools, grunt_ministairs_4
D:5:      layout_cave_pods, minmay_temple_entry_grid, nrook_mini_vaults,
          lemuel_flamethrower_2
D:6:      layout_rooms, fedhas_altar_decomposition
D:7:      layout_loops_cross, gammafunk_temple_overflow_pools,
          gammafunk_temple_overflow_statue
D:8:      layout_layer_cave, serial_shops, nicolae_shop_crystal, uniq_gastronok,
          uniq_pikel
Temple:   lightli_temple_of_artemis

Skill      XL: |  1  2  3  4  5  6  7  8  9 |
---------------+----------------------------+-----
Stealth        | 3 4 5 |  5.1
Fire Magic     | 4 5 6 |  6.6
Conjurations   | 3 4 5 |  5.0
Spellcasting   | 3 4 6 7 |  7.6
Translocations | 1 2 3 4 |  4.6
Dodging        | 3 4 |  4.1
Short Blades   | 1 2 |  2.2
Fighting       | 1 |  1.4
Poison Magic   | 1 |  1.1
Air Magic      | |  0.7

Action                   |  1- 3 |  4- 6 |  7- 9 || total
-------------------------+-------+-------+-------++-------
Melee: Tentacles         |     2 |    13 |    24 ||    39
       Unarmed           |     1 |       |       ||     1
       Dagger            |     3 |    59 |   154 ||   216
       Constrict         |     1 |    17 |    23 ||    41
 Cast: Foxfire           |    36 |    96 |   148 ||   280
       Conjure Flame     |       |     1 |     5 ||     6
       Blink             |       |     1 |       ||     1
       Sticky Flame      |       |       |    15 ||    15
       Mephitic Cloud    |       |       |     4 ||     4
  Use: Potion            |       |     3 |       ||     3
       Scroll            |       |       |     7 ||     7
 Stab: Sleeping          |       |     4 |     9 ||    13
       Confused          |       |       |     2 ||     2
Armor: Skin              |     2 |    17 |    34 ||    53
Dodge: Dodged            |     8 |    65 |   126 ||   199

Table legend: (Time is in decaauts)
 A = Elapsed time spent in this place.
 B = Non-inter-level travel time spent in this place.
 C = Inter-level travel time spent in this place.
 D = Time resting spent in this place.
 E = Time spent auto-exploring this place.
 F = Levels seen in this place.
 G = Mean time per level.
                   A        B        C        D        E       F      G
               +--------+--------+--------+--------+--------+-----+--------+
         Total |   8793 |   8668 |    125 |   2165 |   3741 |   9 |  977.0 |
       Dungeon |   8753 |   8645 |    108 |   2165 |   3741 |   8 | 1094.1 |
        Temple |     40 |     23 |     17 |      0 |      0 |   1 |   40.0 |
               +--------+--------+--------+--------+--------+-----+--------+

Top non-repeatable levels by time:
     D:3: 1781 daAuts
     D:5: 1717 daAuts
     D:6: 1279 daAuts
     D:7: 1145 daAuts
     D:1: 972 daAuts
     D:2: 686 daAuts
     D:4: 652 daAuts
     D:8: 517 daAuts
  Temple: 40 daAuts
